 Dungeon Crawl Stone Soup version 0.28-a0-604-g249bb1af34 (webtiles) character file.

Game seed: 12233826609454761711

14924 KristoblXynda the Carver (level 11, -2/151 HPs)
             Began as a Green Draconian Berserker on Oct 5, 2021.
             Was a High Priest of Trog.
             Shot with a bolt by a yaktaur (27 damage)
             ... on level 12 of the Dungeon.
             The game lasted 00:16:50 (14503 turns).

KristoblXynda the Carver (DrBe)                    Turns: 14503, Time: 00:16:50

Health: -2/151     AC: 15    Str: 26    XL:     11   Next: 95%
Magic:  0/3        EV: 15    Int:  9    God:    Trog [*****.]
Gold:   543        SH:  5    Dex: 12    Spells: 10/10 levels left

rFire   . . .      SeeInvis .   h - +3 scimitar (antimagic)
rCold   . . .      Faith    .   E - +0 buckler
rNeg    . . .      Spirit   +   (armour unavailable)
rPois   +          Reflect  .   (helmet restricted)
rElec   .          Harm     .   y - +0 cloak
rCorr   .          Rampage  .   (no gloves)
Will    .....                   v - +2 pair of boots
Stlth   ..........              t - amulet of guardian spirit
HPRegen 0.35/turn               w - +6 ring of strength
MPRegen 0.08/turn               H - +4 ring of protection

@: berserking, very quick
A: breathe noxious fumes, AC +7, unfitting armour, poison resistance,
cold-blooded
a: Breathe Noxious Fumes, Renounce Religion, Berserk, Trog's Hand, Brothers in
Arms


You were on level 12 of the Dungeon.
You worshipped Trog.
Trog was extremely pleased with you.
You visited 2 branches of the dungeon, and saw 13 of its levels.

You collected 543 gold pieces.

Inventory:

Hand Weapons
 h - a +3 antimagic scimitar (weapon)
 B - a +0 long sword of draining
Missiles
 k - 4 throwing nets
 m - 10 javelins (quivered)
Armour
 v - a +2 pair of boots (worn)
 y - a +0 cloak (worn)
 E - a +0 buckler (worn)
Jewellery
 g - a ring of magical power
 n - a ring of wizardry
 s - a ring of ice
 t - an amulet of guardian spirit (around neck)
 w - a +6 ring of strength (left hand)
 x - a ring of positive energy
 F - a +4 ring of evasion
 H - a +4 ring of protection (right hand)
Wands
 j - a wand of paralysis (11)
 G - a wand of acid (14)
Scrolls
 a - 3 scrolls of identify
 b - 2 scrolls of enchant armour
 c - 4 scrolls of teleportation
 e - 3 scrolls of immolation
 r - 3 scrolls of blinking
 A - 3 scrolls of summoning
Potions
 d - 2 potions of attraction
 f - a potion of might
 i - 6 potions of curing
 l - 2 potions of haste
 o - 2 potions of lignification
 p - a potion of heal wounds
 q - a potion of magic {unknown}
 u - 2 potions of ambrosia


   Skills:
 + Level 10.7 Fighting
 + Level 11.9 Long Blades
 - Level 5.2 Throwing
 + Level 9.0 Dodging
 + Level 6.6 Shields


You had 10 spell levels left.
You didn't know any spells.
Your spell library contained the following spells:

 Spells                   Type           Power      Damage    Failure   Level
 Magic Dart               Conj           0%         1d3       38%         1
 Blink                    Tloc           N/A        N/A       52%         2
 Searing Ray              Conj           0%         2d4       52%         2
 Sublimation of Blood     Necr           0%         N/A       52%         2
 Dazzling Flash           Conj/Hex       0%         N/A       77%         3
 Gell's Gravitas          Tloc           0%         N/A       77%         3
 Lesser Beckoning         Tloc           0%         N/A       77%         3
 Summon Guardian Golem    Hex/Summ       0%         N/A       77%         3
 Teleport Other           Tloc           0%         N/A       77%         3
 Fulminant Prism          Conj/Hex       0%         3d6       99%         4
 Petrify                  Tmut/Erth      0%         N/A       99%         4
 Agony                    Necr           0%         N/A       100%        5
 Irradiate                Conj/Tmut      0%         3d14      100%        5
 Manifold Assault         Tloc           0%         N/A       100%        5
 Silence                  Hex/Air        0%         N/A       100%        5
 Orb of Destruction       Conj           0%         N/A       100%        7
 Spellforged Servitor     Conj/Summ      0%         N/A       100%        7
 Storm Form               Tmut/Air       0%         N/A       100%        7
 Borgnjor's Revivificati  Necr           0%         N/A       100%        8
 Necromutation            Tmut/Necr      0%         N/A       100%        8
 Death's Door             Necr           0%         N/A       100%        9


Dungeon Overview and Level Annotations

Branches:
Dungeon (12/15)            Temple (1/1) D:6            Lair (0/6) D:11
    Orc (0/2) D:9

Altars:
Ashenzari
Cheibriados
Dithmenos
Elyvilon
Fedhas
Gozag
Hepliaklqana
Kikubaaqudgha
Makhleb
Nemelex Xobeh
Okawaru
Qazlal
Ru
Sif Muna
Trog
Uskayaw
Vehumet
Wu Jian
Xom
Yredelemnul
Zin
The Shining One

Shops:
D:4 *   D:9 !


Innate Abilities, Weirdness & Mutations

You can breathe blasts of noxious fumes.
Your lurid green scales are hard. (AC +7)
You cannot fit into any form of body armour.
Your system is resistant to poisons. (rPois)
You are cold-blooded and may be slowed by cold attacks.


Message History

The troll is moderately wounded.
The bolt of acid hits the yaktaur!
The yaktaur is moderately wounded.
The bolt of acid hits the yaktaur!
The acid corrodes the yaktaur!
The yaktaur is heavily wounded.
The troll barely misses you. x2; You block the troll's attack.
Unknown command.
You hit the yaktaur. You tail-slap the yaktaur.
The yaktaur is heavily wounded.
Unknown command.
You slash the troll!
The troll is heavily wounded.
The troll closely misses you. x2; The troll misses you.
The yaktaur unwields a +0 arbalest.
The yaktaur hits you!
You slash the yaktaur!
The yaktaur is severely wounded.
The troll closely misses you. The troll claws you but does no damage.
The troll misses you. The yaktaur hits you.
Unknown command.
A red film seems to cover your vision as you go berserk!
You feel yourself moving faster!
You feel mighty! The troll closely misses you. The troll claws you. x2
You slash the yaktaur!
The yaktaur is moderately wounded.
The yaktaur unwields a +0 arbalest.
The yaktaur hits you! The troll bites you!
* * * LOW HITPOINT WARNING * * *
The troll closely misses you. The troll barely misses you.
You slash the troll! You tail-slap the troll.
You kill the troll!
Trog accepts your kill.
The yaktaur wields a +0 arbalest.
The yaktaur shoots a bolt.
The bolt hits you!!
* * * LOW HITPOINT WARNING * * *
You block the yaktaur's attack.
You hit the yaktaur.
The yaktaur is heavily wounded.
You have got your breath back.
The yaktaur wields a +0 arbalest.
The yaktaur shoots a bolt.
The bolt hits you!!
You die...

#.............# ....
##.............# ##..
...............# ....
.....≈.........# #.
.≈..§..........#####+##.
....§§................(.
...§§§.c.§.§............
......c)?≈≈§............
≈S...c.@c..............#
§§.##########...........
≈ #..........#
#..≈.......#
#..........#
#..........#
#..........#
############


You could see 4 yaktaurs and a lava snake.

Vanquished Creatures
  3 death yaks (D:11)
  3 two-headed ogres
  Pikel (D:5)
  2 ugly things
  A manticore (D:11)
  3 cyclopes
  Maurice (D:8)
  Maggie (D:9)
  Psyche (D:10)
  2 kobold demonologists (D:10)
  A troll (D:12)
  Prince Ribbit (D:7)
  Eustachio (D:6)
  3 shadows
  2 wraiths
  Sigmund (D:6)
  6 yaks (D:11)
  A steam dragon (D:7)
  Menkaure (D:6)
  3 wargs (D:9)
  An acid dragon (D:10)
  Edmund (D:4)
  2 ice beasts
  A hornet zombie (D:8)
  Duvessa (D:6)
  2 black bears
  3 necrophages
  2 centaurs
  A phantom (D:6)
  3 kobold brigands
  2 bullfrogs
  A wyvern zombie (D:8)
  4 gnoll sergeants
  Dowan (D:6)
  7 killer bees
  4 wights (D:7)
  A howler monkey (D:8)
  A centaur zombie (D:8)
  An orc priest (D:9)
  A gnoll shaman (D:6)
  Crazy Yiuf (D:7)
  A bullfrog skeleton (D:4)
  A centaur skeleton (D:4)
  4 hounds
  10 orc wizards
  5 iguanas
  2 hound skeletons
  25 gnolls
  3 howler monkey skeletons
  5 adders
  A shadow imp (D:6)
  A white imp (D:7)
  An ufetubus (D:4)
  An adder skeleton (D:5)
  4 worms
  A dart slug (D:3)
  18 orcs
  An endoplasm (D:3)
  4 giant cockroaches
  8 goblins
  12 hobgoblins
  7 jackals
  7 quokkas
  11 ball pythons
  2 bats (D:2)
  4 frilled lizards
  23 kobolds
  4 rats
245 creatures vanquished.

Vanquished Creatures (collateral kills)
  A hydra (D:11)
  A wraith (D:11)
  An ogre (D:7)
  A killer bee (D:7)
  An iguana (D:7)
  3 orcs (D:7)
8 creatures vanquished.

Vanquished Creatures (others)
  44 plants (D:4)
44 creatures vanquished.

Grand Total: 297 creatures vanquished

Notes
Turn   | Place    | Note
-------+----------+-------------------------------------------
     0 | D:1      | KristoblXynda the Draconian Berserker began the quest for
                  | the Orb.
     0 | D:1      | Reached XP level 1. HP: 19/19 MP: 1/1
   280 | D:1      | Reached XP level 2. HP: 25/26 MP: 2/2
  1289 | D:2      | Found a faded altar of an unknown god.
  1386 | D:2      | Reached XP level 3. HP: 27/33 MP: 3/3
  1608 | D:2      | Reached skill level 4 in Long Blades
  1608 | D:2      | Reached XP level 4. HP: 26/40 MP: 4/4
  1893 | D:2      | Reached ** piety under Trog
  2445 | D:2      | Reached XP level 5. HP: 46/46 MP: 5/5
  3047 | D:3      | Found a sparkling altar of Nemelex Xobeh.
  3467 | D:4      | Found Faghem's Assorted Antiques.
  3481 | D:4      | Found an opulent altar of Gozag.
  3512 | D:4      | Noticed Edmund
  3518 | D:4      | Reached skill level 5 in Long Blades
  3540 | D:4      | Killed Edmund
  3541 | D:4      | Reached skill level 1 in Throwing
  3541 | D:4      | Reached XP level 6. HP: 30/53 MP: 6/6
  4123 | D:4      | Reached *** piety under Trog
  4208 | D:4      | Reached skill level 5 in Fighting
  4208 | D:4      | Your scales start taking on a lurid green colour.
  4208 | D:4      | Reached XP level 7. HP: 49/61 MP: 7/7
  4208 | D:4      | Gained mutation: Your system is resistant to poisons.
                  | (rPois) [Green Draconian growth]
  4426 | D:4      | Reached skill level 6 in Long Blades
  4601 | D:5      | Entered Level 5 of the Dungeon
  4937 | D:5      | Found a hide-covered altar of Uskayaw.
  4937 | D:5      | Found a shimmering altar of Xom.
  4937 | D:5      | Found an ornate altar of the Wu Jian Council.
  5188 | D:5      | Found a shadowy altar of Dithmenos.
  5277 | D:5      | Found a radiant altar of Vehumet.
  5278 | D:5      | Noticed Pikel
  5299 | D:5      | Killed Pikel
  5300 | D:5      | Reached skill level 7 in Long Blades
  5300 | D:5      | Reached XP level 8. HP: 70/70 MP: 8/8
  5522 | D:6      | Noticed Duvessa
  5522 | D:6      | Noticed Dowan
  5528 | D:6      | Killed Duvessa
  5529 | D:6      | Reached skill level 5 in Dodging
  5529 | D:6      | Noticed Eustachio
  5536 | D:6      | Killed Dowan
  5723 | D:6      | Killed Eustachio
  6027 | D:6      | Reached skill level 8 in Long Blades
  6181 | D:6      | Noticed Sigmund
  6190 | D:6      | Killed Sigmund
  6204 | D:6      | Reached XP level 9. HP: 61/78 MP: 9/9
  6808 | D:6      | Found a staircase to the Ecumenical Temple.
  6812 | Temple   | Entered the Ecumenical Temple
  7185 | D:6      | Noticed Menkaure
  7191 | D:6      | Killed Menkaure
  7365 | D:7      | Reached **** piety under Trog
  8204 | D:7      | Noticed Prince Ribbit
  8214 | D:7      | Killed Prince Ribbit
  8215 | D:7      | Reached skill level 9 in Long Blades
  8280 | D:7      | Identified the +7 dagger of Eternal War {venom, Contam
                  | Will+ Str-4 Int+4}
  8329 | D:7      | Found a runed translucent door.
  8330 | D:7      | Noticed Crazy Yiuf
  8337 | D:7      | Killed Crazy Yiuf
  8461 | D:7      | Reached skill level 5 in Throwing
  8719 | D:7      | Found a glowing golden altar of the Shining One.
  8719 | D:7      | Found a sacrificial altar of Ru.
  9213 | D:8      | Noticed Maurice
  9223 | D:8      | Killed Maurice
  9224 | D:8      | Reached skill level 1 in Shields
  9224 | D:8      | Reached XP level 10. HP: 72/88 MP: 8/10
  9248 | D:8      | Reached skill level 10 in Long Blades
  9265 | D:8      | Found an iron altar of Okawaru.
  9273 | D:8      | Reached ***** piety under Trog
 10609 | D:9      | Found Suulyang's Distillery.
 10695 | D:9      | Found a burning altar of Makhleb.
 10696 | D:9      | Found a glowing silver altar of Zin.
 10696 | D:9      | Noticed an angel
 10697 | D:9      | Noticed a cacodemon
 10828 | D:9      | Noticed a cyclops
 10848 | D:9      | Killed a cyclops
 11303 | D:9      | Noticed Maggie
 11327 | D:9      | Killed Maggie
 11477 | D:9      | Found a staircase to the Orcish Mines.
 11555 | D:10     | Entered Level 10 of the Dungeon
 11583 | D:10     | Noticed a two-headed ogre
 11594 | D:10     | Killed a two-headed ogre
 11640 | D:10     | Noticed Psyche
 11650 | D:10     | Killed Psyche
 11650 | D:10     | Received a gift from Trog
 12574 | D:10     | Reached XP level 11. HP: 66/97 MP: 2/11
 12783 | D:11     | Noticed a death yak
 12784 | D:11     | Found a staircase to the Lair.
 12784 | D:11     | Noticed a death yak
 12796 | D:11     | Noticed a death yak
 12806 | D:11     | Killed a death yak
 12807 | D:11     | Reached skill level 11 in Long Blades
 12813 | D:11     | Killed a death yak
 12821 | D:11     | Killed a death yak
 12822 | D:11     | Reached skill level 5 in Shields
 13122 | D:11     | Noticed a red ugly thing
 13140 | D:11     | Killed a red ugly thing
 13141 | D:11     | Reached skill level 10 in Fighting
 13326 | D:11     | Noticed a two-headed ogre
 13337 | D:11     | Killed a two-headed ogre
 13679 | D:11     | Noticed a seven-headed hydra
 13693 | D:11     | Killed a seven-headed hydra
 13893 | D:11     | Found a snail-covered altar of Cheibriados.
 14214 | D:12     | Noticed a white ugly thing
 14226 | D:12     | Killed a white ugly thing
 14484 | D:12     | Noticed a two-headed ogre
 14494 | D:12     | Killed a two-headed ogre
 14503 | D:12     | Shot with a bolt by a yaktaur

Illustrated notes

Levels and vault maps discovered:
D:1:      shiori_arrival_maze, layout_basic, minmay_stone_trees_large
D:2:      layout_basic, hellmonk_ecumenical_altar_lost_god
D:3:      layout_rooms, overflow_temple_1_default,
          ebering_dispersal_statue_hall, minmay_quantized
D:4:      layout_rooms, nicolae_gozag_cash_rules_everything_around_me,
          serial_bayou, serial_bayou_shore_b, serial_bayou_crossing,
          serial_bayou_pond_d, serial_bayou_pond_c, serial_bayou_pond_b,
          serial_bayou_lagoon_a, serial_shops, nicolae_take_the_stairs,
          hangedman_abyss_or_decor_lesser_grid, minmay_bent, uniq_edmund
D:5:      layout_basic, mainiacjoe_overflow_surrounded_room, lemuel_tele_altar,
          gammafunk_temple_overflow_claw, serial_glass, glass_columns_b,
          glass_columns_a, minivault_19, chequers_serial_rivers_large_b,
          uniq_pikel
D:6:      layout_cave_pools, minmay_temple_entry_steel_oval, uniq_duvessa,
          uniq_menkaure, uniq_eustachio, uniq_sigmund
D:7:      layout_gridville, mainiacjoe_overflow_divided_tiny, sigmund_army,
          uniq_crazy_yiuf_cottage, uniq_prince_ribbit1
D:8:      layout_basic, mainiacjoe_overflow_brackets, uniq_maurice
D:9:      layout_loops_corners, grunt_temple_overflow_order_and_chaos_2,
          minmay_orc_entry_guard_dogs, serial_shops, shop, uniq_maggie
D:10:     layout_roguey, serial_park_tiny_2, uniq_psyche
D:11:     layout_basic, dpeg_lair_monsters, cheibriados_altar_1
D:12:     layout_basic
Temple:   jpeg_temple_alley_garden

Skill      XL: |  1  2  3  4  5  6  7  8  9 10 11 |
---------------+----------------------------------+-----
Dodging        | 3 4 5 6 7 9 |  9.0
Long Blades    | 4 5 7 8 9 10 11 | 11.9
Fighting       | 4 5 6 7 9 10 | 10.7
Throwing       | 1 3 4 5 |  5.2
Shields        | 1 4 6 |  6.6

Action                   |  1- 3 |  4- 6 |  7- 9 | 10-12 || total
-------------------------+-------+-------+-------+-------++-------
Melee: Falchion          |   111 |   173 |   291 |    67 ||   642
       Tailslap          |    13 |    21 |    46 |    59 ||   139
       Long sword        |       |       |    22 |   105 ||   127
       Scimitar          |       |       |       |   146 ||   146
Throw: Javelin           |       |       |     5 |       ||     5
       Throwing net      |       |       |     1 |       ||     1
Invok: Berserk           |     3 |     7 |    12 |     5 ||    27
       Brothers in Arms  |       |       |       |     1 ||     1
 Abil: Breathe Noxious F |       |       |     5 |    15 ||    20
Evoke: Wand              |       |       |       |     2 ||     2
  Use: Scroll            |       |     4 |     9 |     8 ||    21
       Potion            |       |       |       |     3 ||     3
 Stab: Sleeping          |     1 |     1 |     1 |       ||     3
       Confused          |       |       |     3 |    14 ||    17
Armor: Skin              |    38 |    60 |    92 |    74 ||   264
Dodge: Dodged            |    89 |   108 |   234 |   182 ||   613
Block: Buckler           |       |       |     2 |    58 ||    60

Table legend: (Time is in decaauts)
 A = Elapsed time spent in this place.
 B = Non-inter-level travel time spent in this place.
 C = Inter-level travel time spent in this place.
 D = Time resting spent in this place.
 E = Time spent auto-exploring this place.
 F = Levels seen in this place.
 G = Mean time per level.
                   A        B        C        D        E       F      G
               +--------+--------+--------+--------+--------+-----+--------+
         Total |  14729 |  14450 |    279 |   3729 |   8643 |  13 | 1133.0 |
       Dungeon |  14525 |  14253 |    272 |   3729 |   8452 |  12 | 1210.4 |
        Temple |    203 |    196 |      7 |      0 |    191 |   1 |  203.0 |
               +--------+--------+--------+--------+--------+-----+--------+

Top non-repeatable levels by time:
     D:7: 1564 daAuts
     D:6: 1501 daAuts
     D:9: 1459 daAuts
     D:2: 1368 daAuts
    D:11: 1277 daAuts
     D:1: 1221 daAuts
     D:8: 1202 daAuts
     D:4: 1188 daAuts
    D:10: 1182 daAuts
     D:5: 1118 daAuts
     D:3: 970 daAuts
    D:12: 471 daAuts
  Temple: 203 daAuts
